| TOP OF THE 1ST |
|
Spokane Indians batting - Pitching for Tucson Toros : RHP Ron Schueler
|
|
Pitching: RHP Ron Schueler
|
|
|
Batting: SHB Jose Oquendo
|
0-0: Ball 1-0: Called Strike 1-1: Swinging Strike 1-2: Foul Ball, location: 2F 1-2: Foul Ball, location: 2F 1-2: Ground out U3 (Groundball, 34S, EV 73.1 MPH)
|
|
Batting: LHB Stu Pederson
|
0-0: Swinging Strike 0-1: Ball 1-1: Fly out, F9 (Flyball, 89XD, EV 106.9 MPH)
|
|
Batting: LHB Darren Daulton
|
0-0: Foul Ball, location: 2F 0-1: Ball 1-1: Called Strike 1-2: Ball 2-2: SOLO HOME RUN (Flyball, 9D, EV 103.1 MPH), Distance : 397 ft
|
|
Batting: RHB Bill Schroeder
|
0-0: Ball 1-0: Called Strike 1-1: Ball 2-1: Fly out, F8 (Flyball, 89D, EV 98.1 MPH)
|
| Top of the 1st over - 1 run, 1 hit, 0 errors, 0 left on base; Spokane 1 - Tucson 0 |
| BOTTOM OF THE 1ST |
|
Tucson Toros batting - Pitching for Spokane Indians : RHP Rob Mendoza
|
|
Pitching: RHP Rob Mendoza
|
|
|
Batting: LHB Juan Bustabad
|
0-0: Ball 1-0: Ball 2-0: Called Strike 2-1: Swinging Strike 2-2: SINGLE (Groundball, 4M, EV 85.0 MPH) (infield hit)
|
|
Batting: SHB Rodney Scott
|
0-0: Ball 1-0: Called Strike 1-1: Foul Ball, location: 2F 1-2: Ball 2-2: Fly out, F7 (Flyball, 7, EV 90.0 MPH)
|
|
Batting: RHB David Holmes
|
0-0: Ball 1-0: Called Strike 1-1: Foul Ball, location: 2F 1-2: Strikes out looking
|
|
Batting: LHB Pat Dodson
|
0-0: Ball Juan Bustabad is caught stealing 2nd base 2-6
|
| Bottom of the 1st over - 0 runs, 1 hit, 0 errors, 0 left on base; Spokane 1 - Tucson 0 |
| TOP OF THE 2ND |
|
Spokane Indians batting - Pitching for Tucson Toros : RHP Ron Schueler
|
|
Batting: LHB Dave Stockstill
|
0-0: Foul Ball, location: 2F 0-1: Swinging Strike 0-2: Strikes out looking
|
|
Batting: RHB Matthew Tyner
|
0-0: Ball 1-0: Fly out, F7 (Flyball, 78S, EV 76.9 MPH)
|
|
Batting: RHB Larry Fobbs
|
0-0: Called Strike 0-1: Ground out 6-3 (Groundball, 6, EV 83.1 MPH)
|
| Top of the 2nd over - 0 runs, 0 hits, 0 errors, 0 left on base; Spokane 1 - Tucson 0 |
| BOTTOM OF THE 2ND |
|
Tucson Toros batting - Pitching for Spokane Indians : RHP Rob Mendoza
|
|
Batting: LHB Pat Dodson
|
0-0: Ball 1-0: Swinging Strike 1-1: Ball 2-1: Ground out U3 (Groundball, 3, EV 86.3 MPH)
|
|
Batting: LHB Tim Krauss
|
0-0: Swinging Strike 0-1: SINGLE (Line Drive, 9S, EV 88.1 MPH)
|
|
Batting: SHB Michael Miara
|
0-0: Foul Ball, location: 2F 0-1: Ball 1-1: Ball 2-1: Foul Ball, location: 2F 2-2: Foul Ball, location: 2F 2-2: Ball 3-2: Base on Balls Tim Krauss to second
|
|
Batting: LHB Danny Garcia
|
0-0: Foul Ball, location: 2F 0-1: Ball 1-1: Ball 2-1: Ball 3-1: Base on Balls Tim Krauss to third Michael Miara to second
|
|
Batting: SHB Kevin King
|
0-0: GRAND SLAM HOME RUN (Flyball, 89XD, EV 104.4 MPH), Distance : 438 ft
|
|
Batting: RHB Talmadge Tanks
|
0-0: Fly out, F5 (Popup, 5F, EV 65.0 MPH)
|
|
Batting: LHB Juan Bustabad
|
0-0: SINGLE (Groundball, 6MS, EV 65.0 MPH) (infield hit)
|
|
Batting: SHB Rodney Scott
|
0-0: Ball Juan Bustabad is caught stealing 2nd base 2-6
|
| Bottom of the 2nd over - 4 runs, 3 hits, 0 errors, 0 left on base; Spokane 1 - Tucson 4 |
| TOP OF THE 3RD |
|
Spokane Indians batting - Pitching for Tucson Toros : RHP Ron Schueler
|
|
Batting: RHB Cleo Smith
|
0-0: Ball 1-0: Foul Ball, location: 2F 1-1: Called Strike 1-2: Foul Ball, location: 2F 1-2: Strikes out swinging
|
|
Batting: RHB Ty Waller
|
0-0: Ball 1-0: DOUBLE (Line Drive, 7LM, EV 96.9 MPH)
|
|
Batting: SHB Jose Oquendo
|
0-0: Ball 1-0: Ball 2-0: Ground out 4-3 (Groundball, 4, EV 79.4 MPH) Ty Waller to third
|
|
Batting: LHB Stu Pederson
|
0-0: Foul Ball, location: 2F 0-1: Ball 1-1: Ground out 6-3 (Groundball, 6MD, EV 106.9 MPH)
|
| Top of the 3rd over - 0 runs, 1 hit, 0 errors, 1 left on base; Spokane 1 - Tucson 4 |
| BOTTOM OF THE 3RD |
|
Tucson Toros batting - Pitching for Spokane Indians : RHP Rob Mendoza
|
|
Batting: SHB Rodney Scott
|
0-0: Fly out, F8 (Flyball, 8RM, EV 91.3 MPH)
|
|
Batting: RHB David Holmes
|
0-0: Ball 1-0: Ball 2-0: Ball 3-0: Base on Balls
|
|
Batting: LHB Pat Dodson
|
0-0: Ball 1-0: Grounds into double play, 4-6-3 (Groundball, 4, EV 101.3 MPH)
|
| Bottom of the 3rd over - 0 runs, 0 hits, 0 errors, 0 left on base; Spokane 1 - Tucson 4 |
| TOP OF THE 4TH |
|
Spokane Indians batting - Pitching for Tucson Toros : RHP Ron Schueler
|
|
Batting: LHB Darren Daulton
|
0-0: Ball 1-0: Ball 2-0: Ball 3-0: Base on Balls
|
|
Batting: RHB Bill Schroeder
|
0-0: Ball Darren Daulton is caught stealing 2nd base 2-4 1-0: Fly out, F8 (Flyball, 8LXD, EV 110.6 MPH)
|
|
Batting: LHB Dave Stockstill
|
0-0: Called Strike 0-1: Foul Ball, location: 2F 0-2: Ball 1-2: Foul Ball, location: 2F 1-2: Strikes out looking
|
| Top of the 4th over - 0 runs, 0 hits, 0 errors, 0 left on base; Spokane 1 - Tucson 4 |
| BOTTOM OF THE 4TH |
|
Tucson Toros batting - Pitching for Spokane Indians : RHP Rob Mendoza
|
|
Batting: LHB Tim Krauss
|
0-0: Called Strike 0-1: Called Strike 0-2: Strikes out swinging
|
|
Batting: SHB Michael Miara
|
0-0: Ball 1-0: SOLO HOME RUN (Flyball, 89XD, EV 100.0 MPH), Distance : 389 ft
|
|
Batting: LHB Danny Garcia
|
0-0: Ground out 4-3 (Groundball, 4, EV 88.8 MPH)
|
|
Batting: SHB Kevin King
|
0-0: Swinging Strike 0-1: Called Strike 0-2: Strikes out swinging
|
| Bottom of the 4th over - 1 run, 1 hit, 0 errors, 0 left on base; Spokane 1 - Tucson 5 |
| TOP OF THE 5TH |
|
Spokane Indians batting - Pitching for Tucson Toros : RHP Ron Schueler
|
|
Batting: RHB Matthew Tyner
|
0-0: Ball 1-0: Foul Ball, location: 2F 1-1: Called Strike 1-2: Strikes out swinging
|
|
Batting: RHB Larry Fobbs
|
0-0: Called Strike 0-1: Called Strike 0-2: SOLO HOME RUN (Flyball, 7D, EV 90.0 MPH), Distance : 368 ft
|
|
Batting: RHB Cleo Smith
|
0-0: Fly out, F9 (Flyball, 9, EV 90.6 MPH)
|
|
Batting: RHB Ty Waller
|
0-0: Ball 1-0: Called Strike 1-1: Ball 2-1: Called Strike 2-2: Strikes out swinging
|
| Top of the 5th over - 1 run, 1 hit, 0 errors, 0 left on base; Spokane 2 - Tucson 5 |
| BOTTOM OF THE 5TH |
|
Tucson Toros batting - Pitching for Spokane Indians : RHP Rob Mendoza
|
|
Batting: RHB Talmadge Tanks
|
0-0: Ball 1-0: Called Strike 1-1: Swinging Strike 1-2: Ball 2-2: Strikes out swinging
|
|
Batting: LHB Juan Bustabad
|
0-0: Ball 1-0: Called Strike 1-1: Foul Ball, location: 2F 1-2: Ball 2-2: DOUBLE (Flyball, 8RD, EV 92.5 MPH)
|
|
Batting: SHB Rodney Scott
|
0-0: Ground out 5-3 (Groundball, 5L, EV 84.4 MPH)
|
|
Batting: RHB David Holmes
|
0-0: Ball 1-0: Called Strike 1-1: Ball 2-1: Ball 3-1: Foul Ball, location: 2F 3-2: Base on Balls
|
|
Batting: LHB Pat Dodson
|
0-0: Foul Ball, location: 2F 0-1: Swinging Strike 0-2: Fielders Choice at 2nd, 6-4 (Groundball, 6, EV 104.4 MPH)
|
| Bottom of the 5th over - 0 runs, 1 hit, 0 errors, 2 left on base; Spokane 2 - Tucson 5 |
| TOP OF THE 6TH |
|
Spokane Indians batting - Pitching for Tucson Toros : RHP Ron Schueler
|
|
Batting: SHB Jose Oquendo
|
0-0: Ball 1-0: Ball 2-0: Foul Ball, location: 2F 2-1: Fly out, F9 (Flyball, 9D, EV 101.9 MPH)
|
|
Batting: LHB Stu Pederson
|
0-0: Ball 1-0: Ground out 1-3 (Groundball, 13S, EV 68.8 MPH)
|
|
Batting: LHB Darren Daulton
|
0-0: Ball 1-0: Ball 2-0: Foul Ball, location: 2F 2-1: Ground out 5-3 (Groundball, 56S, EV 79.4 MPH)
|
| Top of the 6th over - 0 runs, 0 hits, 0 errors, 0 left on base; Spokane 2 - Tucson 5 |
| BOTTOM OF THE 6TH |
|
Tucson Toros batting - Pitching for Spokane Indians : RHP Rob Mendoza
|
|
Batting: LHB Tim Krauss
|
0-0: Ball 1-0: Called Strike 1-1: Fly out, F9 (Flyball, 89S, EV 91.9 MPH)
|
|
Batting: SHB Michael Miara
|
0-0: Foul Ball, location: 2F 0-1: Ball 1-1: Ball 2-1: Foul Ball, location: 2F 2-2: Ball 3-2: Fly out, F9 (Flyball, 9LM, EV 94.4 MPH)
|
|
Batting: LHB Danny Garcia
|
0-0: Called Strike 0-1: Ball 1-1: Ball 2-1: Swinging Strike 2-2: Strikes out looking
|
| Bottom of the 6th over - 0 runs, 0 hits, 0 errors, 0 left on base; Spokane 2 - Tucson 5 |
| TOP OF THE 7TH |
|
Spokane Indians batting - Pitching for Tucson Toros : RHP Ron Schueler
|
|
Batting: RHB Bill Schroeder
|
0-0: Called Strike 0-1: Foul Ball, location: 2F 0-2: Ball 1-2: Foul Ball, location: 2F 1-2: Ball 2-2: Foul Ball, location: 2F 2-2: SINGLE (Line Drive, 56D, EV 100.6 MPH)
|
|
Batting: LHB Dave Stockstill
|
0-0: Ball 1-0: Swinging Strike 1-1: Fly out, F9 (Flyball, 89D, EV 82.5 MPH)
|
|
Batting: RHB Matthew Tyner
|
0-0: Ball 1-0: Ball 2-0: Called Strike 2-1: Ball 3-1: Foul Ball, location: 2F 3-2: Foul Ball, location: 2F 3-2: Base on Balls Bill Schroeder to second
|
|
Batting: RHB Larry Fobbs
|
0-0: Called Strike 0-1: Called Strike 0-2: Foul Ball, location: 2F 0-2: Strikes out looking
|
|
Batting: RHB Cleo Smith
|
0-0: SINGLE (Groundball, 6MD, EV 103.8 MPH) Bill Schroeder to third Matthew Tyner to second Runner from 3rd tries for Home, throw by CF and OUT! 8-2
|
| Top of the 7th over - 0 runs, 2 hits, 0 errors, 2 left on base; Spokane 2 - Tucson 5 |
| BOTTOM OF THE 7TH |
|
Tucson Toros batting - Pitching for Spokane Indians : RHP Rob Mendoza
|
|
Pitching: RHP Jonathan Coberly
|
|
|
Batting: SHB Kevin King
|
0-0: Ball 1-0: Ball 2-0: Fly out, F3 (Line Drive, 3, EV 66.9 MPH)
|
|
Batting: RHB Talmadge Tanks
|
0-0: Called Strike 0-1: Ball 1-1: Called Strike 1-2: Ball 2-2: Ball 3-2: Foul Ball, location: 2F 3-2: Strikes out swinging
|
|
Batting: LHB Juan Bustabad
|
0-0: Ball 1-0: Ball 2-0: Called Strike 2-1: SINGLE (Groundball, 6M, EV 85.0 MPH) (infield hit)
|
|
Batting: SHB Rodney Scott
|
0-0: Called Strike 0-1: Called Strike Juan Bustabad is caught stealing 2nd base 2-6
|
| Bottom of the 7th over - 0 runs, 1 hit, 0 errors, 0 left on base; Spokane 2 - Tucson 5 |
| TOP OF THE 8TH |
|
Spokane Indians batting - Pitching for Tucson Toros : RHP Ron Schueler
|
|
Batting: RHB Ty Waller
|
0-0: Called Strike 0-1: Ball 1-1: Foul Ball, location: 2F 1-2: Strikes out swinging
|
|
Batting: SHB Jose Oquendo
|
0-0: Ball 1-0: Ball 2-0: Swinging Strike 2-1: Ball 3-1: Foul Ball, location: 2F 3-2: DOUBLE (Line Drive, 89XD, EV 106.3 MPH)
|
|
Pitching: RHP Eddie Garcia
|
|
|
Batting: LHB Stu Pederson
|
0-0: Ball 1-0: Ball 2-0: Ball 3-0: Base on Balls
|
|
Batting: LHB Darren Daulton
|
0-0: Ball 1-0: Called Strike 1-1: Ball 2-1: Ball 3-1: Swinging Strike 3-2: Foul Ball, location: 2F 3-2: Foul Ball, location: 2F 3-2: Fly out, F9 (Flyball, 89D, EV 95.0 MPH) Runner from 2nd tags up, SAFE at 3rd, no throw by RF
|
|
Batting: RHB Bill Schroeder
|
0-0: Ball 1-0: 3-RUN HOME RUN (Flyball, 7D, EV 100.0 MPH), Distance : 365 ft
|
|
Batting: LHB Dave Stockstill
|
0-0: Ball 1-0: Called Strike 1-1: Swinging Strike 1-2: Strikes out swinging
|
| Top of the 8th over - 3 runs, 2 hits, 0 errors, 0 left on base; Spokane 5 - Tucson 5 |
| BOTTOM OF THE 8TH |
|
Tucson Toros batting - Pitching for Spokane Indians : RHP Jonathan Coberly
|
|
Batting: SHB Rodney Scott
|
0-0: Ball 1-0: Foul Ball, location: 2F 1-1: Ball 2-1: SINGLE (Groundball, 4M, EV 88.1 MPH) (infield hit)
|
|
Batting: RHB David Holmes
|
0-0: Ball 1-0: Called Strike 1-1: Fly out, F9 (Flyball, 9S, EV 80.6 MPH)
|
|
Batting: LHB Pat Dodson
|
0-0: Ball 1-0: Ball 2-0: Foul Ball, location: 2F 2-1: Ball 3-1: Base on Balls Rodney Scott to second
|
|
Batting: LHB Tim Krauss
|
0-0: Ball 1-0: Ball 2-0: Called Strike 2-1: Foul Ball, location: 2F 2-2: Fielders Choice at 2nd, 6-4 (Groundball, 6, EV 90.6 MPH) Rodney Scott to third
|
|
Batting: SHB Michael Miara
|
0-0: Swinging Strike 0-1: Ball 1-1: Ball 2-1: SINGLE (Line Drive, 78S, EV 93.8 MPH) Rodney Scott scores Tim Krauss to second
|
|
Batting: LHB Danny Garcia
|
0-0: Ground out 1-3 (Groundball, 13, EV 64.4 MPH)
|
| Bottom of the 8th over - 1 run, 2 hits, 0 errors, 2 left on base; Spokane 5 - Tucson 6 |
| TOP OF THE 9TH |
|
Spokane Indians batting - Pitching for Tucson Toros : RHP Eddie Garcia
|
|
Pitching: RHP Mike Morgan
|
|
|
Pinch Hitting: SHB Mark Gillaspie
|
0-0: Called Strike 0-1: Ball 1-1: Ball 2-1: SINGLE (Flyball, 89D, EV 96.3 MPH)
|
|
Batting: RHB Larry Fobbs
|
0-0: Bunt missed! 0-1: Sac Bunt to 2R - play at first, batter OUT! 2-4 Mark Gillaspie to second
|
|
Pinch Hitting: LHB Joseph Lentsch
|
0-0: Swinging Strike 0-1: Foul Ball, location: 2F 0-2: Strikes out swinging
|
|
Batting: RHB Ty Waller
|
0-0: Called Strike 0-1: Foul Ball, location: 2F 0-2: Ball 1-2: Hit by Pitch
|
|
Batting: SHB Jose Oquendo
|
0-0: SINGLE (Groundball, 6M, EV 101.3 MPH) Mark Gillaspie to third Ty Waller to second Runner from 3rd tries for Home, SAFE, throw by CF to home
|
|
Batting: LHB Stu Pederson
|
0-0: Foul Ball, location: 2F 0-1: Ball 1-1: Ball 2-1: Foul Ball, location: 2F 2-2: Ball 3-2: Foul Ball, location: 2F 3-2: Foul Ball, location: 2F 3-2: Base on Balls Ty Waller to third Jose Oquendo to second
|
|
Batting: LHB Darren Daulton
|
0-0: Called Strike 0-1: Called Strike 0-2: Ball 1-2: Ball 2-2: SINGLE (Groundball, 34D, EV 100.0 MPH) Ty Waller scores Jose Oquendo to third Stu Pederson to second Runner from 3rd tries for Home, SAFE, throw by RF to home
|
|
Batting: RHB Bill Schroeder
|
0-0: Ball 1-0: Foul Ball, location: 2F 1-1: Ball 2-1: Foul Ball, location: 2F 2-2: Ball 3-2: Foul Ball, location: 2F 3-2: Base on Balls Stu Pederson to third Darren Daulton to second
|
|
Batting: LHB Dave Stockstill
|
0-0: Ball 1-0: Ball 2-0: Ball 3-0: Called Strike 3-1: GRAND SLAM HOME RUN (Flyball, 9LD, EV 113.8 MPH), Distance : 366 ft
|
|
Pitching: RHP Glenn Abbott
|
|
|
Batting: SHB Mark Gillaspie
|
0-0: Ball 1-0: Ball 2-0: Ball 3-0: Base on Balls
|
|
Batting: RHB Larry Fobbs
|
0-0: Fielders Choice at 2nd, 6-4 (Groundball, 6, EV 105.0 MPH)
|
| Top of the 9th over - 7 runs, 4 hits, 0 errors, 1 left on base; Spokane 12 - Tucson 6 |
| BOTTOM OF THE 9TH |
|
Tucson Toros batting - Pitching for Spokane Indians : RHP Jonathan Coberly
|
|
Now at 1B: Joseph Lentsch
|
|
|
Now in CF: John Elder
|
|
|
Batting: SHB Kevin King
|
0-0: Ball 1-0: Foul Ball, location: 2F 1-1: Ball 2-1: Swinging Strike 2-2: Foul Ball, location: 2F 2-2: Strikes out swinging
|
|
Batting: RHB Talmadge Tanks
|
0-0: Ball 1-0: Called Strike 1-1: Ground out 5-3 (Groundball, 56S, EV 77.5 MPH)
|
|
Batting: LHB Juan Bustabad
|
0-0: Ball 1-0: Ball 2-0: Ball 3-0: Base on Balls
|
|
Batting: SHB Rodney Scott
|
0-0: Ground out 4-3 (Groundball, 4, EV 88.8 MPH)
|
| Bottom of the 9th over - 0 runs, 0 hits, 0 errors, 1 left on base; Spokane 12 - Tucson 6 |
|